groovejumper, chaotic female elven Wizard ---------- ------- ------------- |..<.....| |.....| |.....[.....| |........| |.....| |...........| |........| |.....| |..q@.......| |........| ##-...`..#)####|..q........| |........| # -----.- |...........| --.------- ### ###### #...........>| ## # # #------------- # # #### ### # # # # ## # --.-----# |......|# |......|# |......|# |.......# |......| -------- groovejumper the Thaumaturge Experience level: 6 Strength: 11 Dexterity: 15 Constitution: 13 Intelligence: 17 Wisdom: 9 Charisma: 9 Health: 0(37) Energy: 45(71) AC: 9 Gold: 103 Moves: 2208 Your Inventory: Coins $ - 103 gold pieces Weapons a - a blessed +1 quarterstaff (weapon in hands) u - 12 [uncursed +0] darts (in quiver) Armor b - an uncursed +0 cloak of magic resistance (being worn) Comestibles o - 2 [uncursed] lichen corpses p - 2 [uncursed] food rations y - 4 [uncursed] food rations Scrolls i - an uncursed scroll of enchant armor k - an uncursed scroll of remove curse s - an [uncursed] scroll of enchant weapon C - a [blessed] scroll of enchant armor F - an [uncursed] scroll of remove curse O - an uncursed scroll of enchant weapon T - an [uncursed] scroll of teleportation U - a [cursed] scroll labeled VELOX NEB [of light] Spellbooks l - a blessed spellbook of force bolt m - an uncursed spellbook of wizard lock Potions f - an uncursed clear potion [of water] g - an uncursed clear potion [of water] h - an uncursed potion of gain level x - an uncursed potion of restore ability D - an [uncursed] silver potion [of speed] Rings d - an uncursed ring of free action e - an uncursed ring of shock resistance H - an uncursed ring of stealth P - an uncursed ring of sustain ability S - an [uncursed] chrysoberyl ring [of levitation] Wands c - an uncursed wand of sleep (0:5) q - an uncursed wand of striking (0:4) t - an uncursed wand of opening (0:8) G - an uncursed wand of cold (0:5) I - an uncursed wand of light (0:11) Tools n - an uncursed leather drum v - an [uncursed] towel A - an [uncursed] lock pick N - an [uncursed oil] lamp Gems r - an [uncursed] black gem [worthless glass] Spells known in the end: Name Level Category Fail Memory a - force bolt 1 attack 0% [||||||||] b - wizard lock 2 matter 51% [||||||||] c - stone to flesh 3 healing 85% [||||||||] Your skills at the end: Fighting Skills Weapon Skills quarterstaff [Basic / Expert] Spellcasting Skills attack spells [Basic / Expert] enchantment spells [Basic / Skilled] Final Attributes: You were piously aligned. Hunger level was 169. Your alignment was 20 / 21. Monster difficulty range was 0 - 5. Level difficulty was 4. You were immune to sleep. You were magic-protected. You saw invisible. You had infravision. Your luck was zero. You are dead. Vanquished creatures: an enormous rat a kobold mummy a floating eye a kobold lord an orc zombie an iguana an acid blob 3 coyotes 2 hobbits 2 hobgoblins 5 Keystone Kops 2 geckos 3 jackals 2 foxes 2 kobolds a goblin 2 grid bugs 6 lichens 2 newts 39 creatures vanquished. Voluntary challenges: You were an atheist. You used a wielded weapon 39 times. You read items or engraved 5 times. You put on armor 2 times. You never genocided any monsters. You never polymorphed an object. You never changed form. You used no wishes. You never wrote Elbereth's name. You never encountered a bones level. You never used any Sokoban shortcuts. Dungeon overview: The Dungeons of Doom: levels 1 to 4 Level 1 a fountain a long staircase Level 2 a long staircase Level 3 a general store Level 4 <- You were here History has recorded: On T:1 you entered the Dungeons of Doom to retrieve the Amulet of Yendor! On T:190 you advanced to experience level 2. On T:342 you advanced to experience level 3. On T:417 you reached level 2 of The Dungeons of Doom. On T:603 you advanced to experience level 4. On T:884 you reached level 3 of The Dungeons of Doom. On T:1133 you advanced to experience level 5. On T:2105 you advanced to experience level 6. On T:2111 you reached level 4 of The Dungeons of Doom. Latest messages: The hobbit hits! [HP-7=23] You kill the hobbit! You see here an elven dagger. [HP+1=24] [HP+1=25] [HP+1=26] You see here a crystal plate mail. [HP+1=27] [HP+1=28] You see here a crystal plate mail. The rothe hits! The rothe bites! (2x) [HP-11=17] You hit the rothe. The rothe hits! The rothe bites! (2x) The rothe hits! The rothe bites! (2x) You die... Final status: Goodbye groovejumper the Wizard... You died in The Dungeons of Doom on dungeon level 4 with 1325 points, and 103 pieces of gold, after 2208 moves. You were level 6 with a maximum of 37 hit points when you died.